 Dungeon Sprint DCSS version 0.28.0-49-g6dfe1f597d (webtiles) character file.

Game seed: 1744166040074418404

3700000 Revguard the Champion of Chaos (level 20, -12/256 HPs)
             Began as a Troll Gladiator on May 19, 2022.
             Was the Champion of Makhleb.
             Mangled by a sculptor of flesh
             ... wielding a +9 great sword
              (213 damage)
             ... in the Dungeon (Sprint VIII: "Arena of Blood").
             The game lasted 00:03:52 (37 turns).

Revguard the Champion of Chaos (Troll Gladiator)      Turns: 37, Time: 00:03:56

Health: -12/256    AC:  6    Str: 27    XL:     20   Next: 87%
Magic:  6/36       EV: 26    Int:  4    God:    Makhleb [******]
Gold:   0          SH:  0    Dex: 17    Spells: 19/19 levels left

rFire   . . .      SeeInvis .   k - +∞ Axe of Woe
rCold   . . .      Faith    .   (shield currently unavailable)
rNeg    . . .      Spirit   .   b - +0 robe
rPois   .          Reflect  .   c - +0 hat
rElec   .          Harm     .   (no cloak)
rCorr   .          Rampage  .   (gloves unavailable)
Will    +....      NoTele   +   (boots unavailable)
Stlth   +++++++++.              (no amulet)
HPRegen 1.32/turn               l - +30 ring of slaying
MPRegen 0.25/turn               m - +30 ring of slaying

@: no status effects
A: large, unfitting armour, claws 3, regeneration 1, shaggy fur 1, tough skin 1
a: Renounce Religion, Minor Destruction, Lesser Servant of Makhleb, Major
Destruction, Greater Servant of Makhleb


You were in the Dungeon.
You worshipped Makhleb.
Makhleb was exalted by your worship.
You visited 1 branch

Inventory:

Hand Weapons
 a - a +0 war axe
 k - the +∞ Axe of Woe (weapon)
   (You found it in the Dungeon)
Missiles
 d - 3 throwing nets (quivered)
Armour
 b - a +0 robe (worn)
 c - a +0 hat (worn)
Jewellery
 l - a +30 ring of slaying (left claw)
 m - a +30 ring of slaying (right claw)
Scrolls
 j - a scroll of blinking
Potions
 e - a potion of curing
 f - a potion of heal wounds
 g - a potion of haste
 h - 2 potions of magic
 i - a potion of berserk rage


   Skills:
 O Level 27 Fighting
 O Level 27 Axes
 - Level 1.7 Throwing
 O Level 27 Armour
 O Level 27 Dodging
 + Level 26.1 Stealth
 O Level 27 Invocations


You had 19 spell levels left.
You didn't know any spells.
Your spell library was empty.

Dungeon Overview and Level Annotations

Branches:
Dungeon (1/1)

Altars:
Makhleb


Innate Abilities, Weirdness & Mutations

You are too large for most types of armour.
You have claws for hands.
Your natural rate of healing is unusually fast.
You are covered in fur. (AC +1)
You have tough skin. (AC +1)


Message History

The eight-headed meat hydra convulses!
The large bag of meat convulses!
Flame seeps out of the large bag of meat.
The bag of meat convulses! x2; The large bag of meat convulses!
Flame seeps out of the large bag of meat.
The bag of meat convulses! x2; Your body is wracked with pain!
The bag of meat convulses! x3; The meat berserker moves out of view.
The bag of meat shouts!
You hear a shout!
Things that are here:
a +9 war axe; a +30 ring of slaying You open the bag of meat like a pillowcase!!!!
You fatally mangle the bag of meat.
You kill the bag of meat!
Makhleb accepts your kill.
You feel better.
You slice the meat berserker!!
You pulverise the meat berserker into a thin bloody mist.
You kill the meat berserker!
Makhleb accepts your kill.
You feel better.
You slice the bag of meat!!
You fatally mangle the bag of meat.
You kill the bag of meat!
Makhleb accepts your kill.
You feel better.
You hear a shout! x7
The large bag of meat is engulfed in blazing flames.
You hear a shout!
A meat berserker comes into view. It is wielding a +9 battleaxe.
The destroyer gestures at you while chanting.
The destroyer blinks!
A bag of meat comes into view. It is wielding a +9 war axe.
The large bag of meat is engulfed in blazing flames.
You hear a shout!
Your Stealth skill gained 3 levels and is now at level 26! 5 bags of meat and a destroyer come into view.
The destroyer is wielding a +9 vorpal great sword.
The bag of meat shouts!
You hear a shout! x3
The bag of meat closely misses you.
The meat berserker rages.
The sculptor of flesh hits you with a +9 great sword!!!!!
Ouch! That really hurt!
You die... ............ ........... ....O .........O V.ooo

#.....oo# ...Oo.
#...o)oo# O.o...
.###..D.°oO###......
......###O))..§.....
.°...._.z))).......
..#....)#o@.....#
#_.V._#z.o......
#.....#......#.#
......_......O.....
......###.........#.
.###.. ...###......
#.. o...# ...... #.
.....# ...oo. ..
....o


You could see a destroyer (wandering), 2 sculptors of flesh, 3 large bags of
meat, 3 meat berserkers and 16 bags of meat.

Vanquished Creatures
  3 vampire knights (D)
  9 ogres (D)
  34 orcs (D)
46 creatures vanquished.

Notes
Turn   | Place    | Note
-------+----------+-------------------------------------------
     0 | D        | Found the +∞ Axe of Woe
     0 | D        | Revguard the Troll Gladiator began the quest for the Orb.
     0 | D        | Reached XP level 1. HP: 19/19 MP: 0/0
     1 | D        | Noticed a bag of meat
     2 | D        | Noticed a bag of meat
     3 | D        | Became a worshipper of Makhleb the Destroyer
     3 | D        | Noticed a bag of meat
     3 | D        | Noticed a bag of meat
     3 | D        | Noticed a bag of meat
     5 | D        | Killed a bag of meat
     5 | D        | Noticed a bag of meat
     5 | D        | Noticed a bag of meat
     6 | D        | Reached skill level 10 in Fighting
     6 | D        | Reached skill level 10 in Axes
     6 | D        | Reached skill level 10 in Armour
     6 | D        | Reached skill level 10 in Dodging
     6 | D        | Reached skill level 10 in Invocations
     6 | D        | Reached XP level 2. HP: 45/45 MP: 0/7
     6 | D        | Reached XP level 3. HP: 53/53 MP: 0/8
     6 | D        | Reached XP level 4. HP: 61/61 MP: 0/10
     6 | D        | Reached XP level 5. HP: 68/68 MP: 0/11
     6 | D        | Reached XP level 6. HP: 78/78 MP: 0/13
     6 | D        | Reached XP level 7. HP: 85/85 MP: 0/14
     6 | D        | Reached XP level 8. HP: 93/93 MP: 0/15
     6 | D        | Reached XP level 9. HP: 101/101 MP: 0/16
     6 | D        | Reached XP level 10. HP: 110/110 MP: 0/17
     6 | D        | Noticed a meat berserker
     7 | D        | Killed a bag of meat
     7 | D        | Reached * piety under Makhleb
     7 | D        | Noticed a meat berserker
     8 | D        | Reached XP level 11. HP: 54/123 MP: 0/19
     8 | D        | Killed a meat berserker
     8 | D        | Killed a bag of meat
     9 | D        | Reached skill level 15 in Invocations
     9 | D        | Reached XP level 12. HP: 86/139 MP: 0/22
     9 | D        | Reached XP level 13. HP: 91/146 MP: 0/23
     9 | D        | Killed a bag of meat
     9 | D        | Reached ** piety under Makhleb
    10 | D        | Reached skill level 15 in Axes
    10 | D        | Reached skill level 15 in Dodging
    10 | D        | Killed a bag of meat
    11 | D        | Reached skill level 15 in Fighting
    11 | D        | Reached skill level 15 in Armour
    11 | D        | Reached XP level 14. HP: 102/159 MP: 0/25
    11 | D        | Killed a bag of meat
    12 | D        | Killed a meat berserker
    12 | D        | Reached *** piety under Makhleb
    13 | D        | Noticed a bag of meat
    13 | D        | Noticed a bag of meat
    14 | D        | Noticed a bag of meat
    16 | D        | Noticed a bag of meat
    16 | D        | Noticed a meat berserker
    16 | D        | Noticed a meat berserker
    16 | D        | Noticed a destroyer
    16 | D        | Noticed a bag of meat
    16 | D        | Noticed a bag of meat
    17 | D        | Noticed a bag of meat
    17 | D        | Noticed a bag of meat
    17 | D        | Noticed a meat berserker
    17 | D        | Noticed a bag of meat
    17 | D        | Noticed a bag of meat
    17 | D        | Noticed a bag of meat
    17 | D        | Noticed a bag of meat
    18 | D        | Noticed a destroyer
    18 | D        | Noticed a bag of meat
    18 | D        | Noticed a bag of meat
    18 | D        | Noticed a bag of meat
    18 | D        | Noticed a bag of meat
    19 | D        | Killed a bag of meat
    19 | D        | Noticed a bag of meat
    19 | D        | Noticed a bag of meat
    20 | D        | Reached XP level 15. HP: 89/174 MP: 2/27
    20 | D        | Noticed a meat berserker
    20 | D        | Killed a meat berserker
    20 | D        | Reached **** piety under Makhleb
    21 | D        | Killed a meat berserker
    22 | D        | Reached XP level 16. HP: 149/189 MP: 3/29
    23 | D        | Killed a destroyer
    23 | D        | Reached ***** piety under Makhleb
    23 | D        | Killed a destroyer
    23 | D        | Killed a meat berserker
    23 | D        | Noticed a meat berserker
    23 | D        | Noticed a meat berserker
    24 | D        | Reached XP level 17. HP: 210/210 MP: 3/32
    24 | D        | Noticed a large bag of meat
    25 | D        | Reached ****** piety under Makhleb
    25 | D        | Noticed a large bag of meat
    26 | D        | Reached XP level 18. HP: 223/223 MP: 3/33
    26 | D        | Killed a meat berserker
    27 | D        | Noticed an eight-headed meat hydra
    28 | D        | Reached skill level 27 in Invocations
    28 | D        | Killed a meat berserker
    28 | D        | Noticed a large bag of meat
    29 | D        | Reached XP level 19. HP: 241/241 MP: 4/35
    29 | D        | Noticed a destroyer
    30 | D        | Reached skill level 27 in Fighting
    30 | D        | Reached skill level 27 in Axes
    30 | D        | Reached skill level 27 in Armour
    30 | D        | Reached skill level 27 in Dodging
    31 | D        | Killed a meat berserker
    32 | D        | Noticed a meat berserker
    33 | D        | Reached XP level 20. HP: 256/256 MP: 4/36
    34 | D        | Killed a destroyer
    35 | D        | Noticed a meat berserker
    35 | D        | Noticed a destroyer
    35 | D        | Noticed a meat berserker
    36 | D        | Killed a meat berserker
    36 | D        | Noticed a meat berserker
    37 | D        | Noticed a destroyer
    37 | D        | Mangled by a sculptor of flesh

Illustrated notes

Levels and vault maps discovered:
D:        meatsprint

Skill      XL: |  1  2  3  4  5  6  7  8  9 10 11 12 13 14 15 16 17 18 19 20 |
---------------+-------------------------------------------------------------+-----
Fighting       | 10 11 14 15 17 19 22 23 26 27 | 27.0
Axes           | 10 11 14 15 17 19 22 23 26 27 | 27.0
Armour         | 10 11 14 15 17 19 22 23 26 27 | 27.0
Dodging        | 10 11 14 15 17 19 22 23 26 27 | 27.0
Invocations    | 10 12 15 16 18 20 24 25 27 | 27.0
Stealth        | 18 26 | 26.1
Throwing       | |  1.7

Action                   |  1- 3 |  4- 6 |  7- 9 | 10-12 | 13-15 | 16-18 | 19-21 || total
-------------------------+-------+-------+-------+-------+-------+-------+-------++-------
Melee: Executioner's axe |     1 |       |       |     2 |     7 |     7 |     6 ||    23
Dodge: Dodged            |       |       |       |     1 |     1 |       |     3 ||     5
